Map: Incorporeal LE

Players

llIIlIIllIII

  • Race: Zerg Zerg
  • League: Grandmaster
  • Spawn Location: 5:00

A.I. 1 (Very Easy) - Winner!

  • Race: Protoss Protoss
  • Spawn Location: 11:00

VOD

Have the link to the VOD?

Description

Time

  • Played on: May 5, 2025, 4:24 a.m.
  • Length: 4:57
Show
View Real Time Build Order
Export as new Build Order

llIIlIIllIII Zerg 

Build Orders: Hatch First 

Get SALT Encoding   

  12  0:00  Drone  
  13  0:09  Drone  
  14  0:14  Drone, Extractor  
  15  0:21  Overlord  
  15  0:39  Drone  
  16  0:45  Hatchery  
  16  0:49  Drone  
  16  0:52  Drone  
  16  0:56  Drone  
  18  1:06  Extractor  
  18  1:10  Spawning Pool  
  16  1:14  Drone  
  16  1:17  Drone  
  18  1:26  Drone  
  19  1:37  Drone  
  20  1:48  Drone  
  21  1:57  Queen x2  
  21  1:59  Zergling x2  
  21  2:00  Overlord  
  26  2:08  Drone  
  27  2:11  Drone  
  27  2:12  Metabolic Boost  
  28  2:19  Drone  
  28  2:21  Drone  
  30  2:29  Drone  
  31  2:30  Drone  
  31  2:33  Queen  
  34  2:43  Hatchery  
  33  2:48  Overlord  
  33  2:52  Drone x2  
  33  2:54  Overlord  
  35  3:05  Drone  
  36  3:06  Drone x5  
  36  3:08  Drone  
  36  3:10  Drone  
  43  3:17  Drone x2  
  45  3:20  Queen  
  47  3:27  Spore Crawler  
  47  3:29  Queen  
  47  3:32  Spore Crawler  
  47  3:35  Overlord  
  47  3:39  Zergling x6  
  47  3:41  Zergling x2  
  51  3:43  Zergling x2  
  52  3:49  Overlord  
  52  3:53  Overlord  
  52  3:55  Drone x4  
  56  3:57  Drone  
  57  4:08  Overlord  
  57  4:11  Drone x6  
  57  4:13  Drone  
  64  4:18  Drone x2  
  64  4:21  Drone x2  
  68  4:28  Drone  
  71  4:31  Drone x2  
  71  4:34  Roach Warren  
  71  4:36  Extractor  
  71  4:37  Extractor  
  67  4:42  Drone x3  
  67  4:45  Drone x6  
  76  4:51  Extractor  
Show
View Real Time Build Order
Export as new Build Order

A.I. 1 (Very Easy) Protoss - Winner!

Build Orders:  

Get SALT Encoding   

  12  0:00  Probe  
  13  0:13  Probe  
  14  0:19  Pylon  
  14  0:36  Assimilator  
  14  0:42  Gateway  
  14  0:45  Pylon  
  14  1:14  Assimilator  
  14  1:22  Probe  
  14  1:23  Zealot  
  14  1:30  Probe  
  17  1:33  Cybernetics Core  
  18  1:40  Probe  
  19  1:52  Probe  
  20  2:01  Probe  
  21  2:09  Warp Gate, Probe  
  22  2:43  Stalker  
  24  4:09  Probe  
  24  4:26  Probe  
Tags
 
Add a new tag
Caveats
  • Supply blocks, unpowered buildings, or Contaminate may cause inaccurate times.
  • Supply counts are checked every 10 seconds.